 Dungeon Crawl Stone Soup version 0.26-a0-712-ga5a9c9c9d0 (webtiles) character file.

Game seed: 3234183803827491635

499 Descartes the Covert (level 6, -4/25 HPs)
             Began as a Felid Transmuter on Oct 31, 2020.
             Slain by a river rat (8 damage)
             ... in a sewer.
             The game lasted 00:13:11 (7164 turns).

Descartes the Covert (Felid Transmuter)             Turns: 7164, Time: 00:13:13

Health: -4/25      AC:  2    Str:  8      XL:     6   Next: 94%
Magic:  10/10      EV: 20    Int: 22 (23) God:
Gold:   196        SH:  0    Dex: 15 (16) Spells: 6/9 levels left
                                        Lives:  0   Deaths: 1

rFire    . . .     SeeInvis +     - Unarmed
rCold    . . .     Faith    .   (shield unavailable)
rNeg     . . .     Spirit   .   (armour unavailable)
rPois    .         Reflect  .   (helmet unavailable)
rElec    .         Harm     .   (cloak unavailable)
rCorr    .         Rampage  .   (gloves unavailable)
MR       .....                  (boots unavailable)
Stlth    +++++.....             (no amulet)
HPRegen  0.08/turn              i - +6 ring of intelligence
MPRegen  0.12/turn              (no ring)

@: quick
A: very small, no armour, no weapons or thrown items, stealth, claws 1, fangs 3,
see invisible, clever 1, speed 1, high mp 1, shaggy fur 2, sharp paws
a: no special abilities


You were in a sewer.
You visited 1 branch of the dungeon, and saw 7 of its levels.
You also visited: Sewer and Ossuary.

You collected 196 gold pieces.

Inventory:

Missiles
 b - 55 arrows
 m - 96 stones
Jewellery
 i - a +6 ring of intelligence (left paw)
 y - an uncursed ring of see invisible {unknown}
Scrolls
 a - 5 scrolls of remove curse
 c - 2 scrolls of fear
 e - 9 scrolls of random uselessness {unknown}
 f - 8 scrolls of identify
 h - 2 scrolls of magic mapping
 l - a scroll of amnesia {unknown}
 n - 5 scrolls of immolation
 p - 2 scrolls of teleportation {unknown}
 s - a scroll of enchant weapon {unknown}
 u - a scroll of noise {unknown}
 x - 2 scrolls of fog {unknown}
Potions
 d - a potion of curing
 g - a potion of might {unknown}
 j - a potion of heal wounds {unknown}
 k - a potion of stabbing {unknown}
 o - a potion of mutation
 q - 2 potions of invisibility {unknown}
 r - 2 potions of berserk rage
 t - 6 potions of degeneration
 v - a potion of brilliance {unknown}
 w - a potion of cancellation {unknown}


   Skills:
 - Level 1.0 Fighting
 + Level 5.5 Dodging
 * Level 9.1 Stealth
 + Level 3.9 Unarmed Combat
 - Level 2.0 Spellcasting
 - Level 2.1 Transmutations


You had 6 spell levels left.
You knew the following spells:

 Your Spells              Type           Power        Failure   Level
a - Beastly Appendage     Tmut           ##....       5%          1
b - Wereblood             Tmut           ##......     9%          2

Your spell library contained the following spells:

 Spells                   Type           Power        Failure   Level
 Spider Form              Tmut/Pois      #.........   26%         3
 Ice Form                 Ice/Tmut       #.......     65%         4
 Blade Hands              Tmut           ##........   83%         5


Dungeon Overview and Level Annotations

Branches:
Dungeon (7/15)              Sewer (1/1)             Ossuary (visited)
 Temple: D:4-7

Altars:
The Shining One

Annotations:
D:4 2 runed translucent doors, P0WERM0DE's ghost, amateur DsBr


Innate Abilities, Weirdness & Mutations

You cannot wear armour.
You are incapable of wielding weapons or throwing items.
Your paws allow you to move quietly. (Stealth)
You have sharp claws.
You have razor-sharp teeth.
You have supernaturally acute eyesight. (SInv)
You cover ground quickly.
You are covered in thick fur. (AC +2)
Your sharp claws are effective at attacking unaware monsters.
Your mind is acute. (Int +2)
You have an increased reservoir of magic. (+10% MP)


Message History

The ball python completely misses you.
You closely miss the adder. Your bite misses the adder. The adder bites you.
The river rat misses you. x2; The ball python barely misses you. x2
You scratch the adder but do no damage. The adder barely misses you.
The river rat completely misses you. The ball python closely misses you.
The ball python barely misses you. The river rat closely misses you.
The adder misses you.
You scratch the adder.
The adder is severely wounded.
The ball python completely misses you. The ball python barely misses you.
The river rat misses you. The river rat bites you.
* * * LOW HITPOINT WARNING * * *
The adder closely misses you.
You barely miss the adder. You headbutt the adder.
You kill the adder!
You feel your strength returning.
Your horns disappear.
The ball python closely misses you. The ball python completely misses you.
The river rat bites you!
You die...

≈≈≈≈≈≈≈≈.≈≈≈≈≈≈#.###
################## # #
# # ##################
≈≈≈≈≈≈≈#.≈≈≈≈≈≈†@###
≈≈≈≈≈≈≈..≈≈≈≈≈≈rSr.##
≈≈≈≈≈≈≈≈..≈≈≈≈≈≈S...#
≈≈≈≈≈≈≈≈..†≈≈≈≈≈....#
≈≈≈≈≈≈≈.≈.†≈≈≈≈≈....#
≈≈≈≈≈≈≈≈≈≈≈≈≈≈≈#.....#
#################....#
#...# #...


You could see 2 river rats and 2 ball pythons.

Vanquished Creatures
  Blork the orc (D:6)
  3 centaur zombies (Ossuary)
  A jelly (D:6)
  2 human zombies (Ossuary)
  A worker ant (D:6)
  A hound skeleton (D:4)
  4 mummies
  10 adders
  A gnoll (D:1)
  9 river rats (Sewer)
  A white imp (D:5)
  An ooze (D:1)
  2 dart slugs
  7 leopard geckos
  4 orcs
  3 giant cockroaches
  8 goblins
  9 hobgoblins
  6 jackals
  9 kobolds
  A quokka (D:2)
  4 ball pythons
  13 bats
  2 frilled lizards
  2 goblin zombies (Ossuary)
  A hobgoblin zombie (Ossuary)
  A quokka skeleton (D:2)
  24 rats
131 creatures vanquished.

Vanquished Creatures (others)
  A fungus (D:4)
1 creature vanquished.

Grand Total: 132 creatures vanquished

Notes
Turn   | Place    | Note
-------+----------+-------------------------------------------
     0 | D:1      | Descartes the Felid Transmuter began the quest for the Orb.
     0 | D:1      | Reached XP level 1. HP: 9/9 MP: 4/4
   106 | D:1      | Reached skill level 1 in Stealth
   187 | D:1      | Reached skill level 2 in Stealth
   330 | D:1      | Reached XP level 2. HP: 12/12 MP: 4/6
   373 | D:1      | Reached skill level 3 in Stealth
   966 | D:1      | Reached skill level 4 in Stealth
   980 | D:1      | Reached XP level 3. HP: 15/15 MP: 4/7
  2116 | D:1      | Reached skill level 5 in Stealth
  2628 | D:2      | Reached XP level 4. HP: 19/19 MP: 6/8
  2871 | D:2      | Found a glowing golden altar of the Shining One.
  3771 | D:3      | Reached skill level 6 in Stealth
  4377 | D:4      | Reached XP level 5. HP: 17/22 MP: 9/9
  4952 | D:4      | Found a runed translucent gate.
  4952 | D:4      | Found a runed translucent gate.
  4952 | D:4      | Identified the +10 whip of Anguish {drain, Fragile Str+3
                  | SInv Stlth+}
  4952 | D:4      | Noticed P0WERM0DE's ghost (amateur DsBr)
  4962 | D:4      | Found a runed translucent gate.
  4962 | D:4      | You fall into a shaft and drop 3 floors!
  5066 | D:6      | Noticed Blork the orc
  5084 | D:6      | Killed Blork the orc
  5084 | D:6      | Reached skill level 7 in Stealth
  5252 | D:6      | Gained mutation: You are covered in thick fur. (AC +2)
                  | [Felid growth]
  5252 | D:6      | Reached XP level 6. HP: 25/25 MP: 10/10
  5380 | D:5      | Entered Level 5 of the Dungeon
  5386 | D:5      | Noticed a sky beast
  5401 | D:5      | Killed from afar by a white imp
  5402 | D:5      | Reached XP level 5. HP: -1/22 MP: 9/9
  5414 | D:5      | Found a sand-covered staircase.
  5424 | Ossuary  | Entered an ossuary
  5549 | Ossuary  | Reached skill level 8 in Stealth
  5597 | Ossuary  | Reached XP level 6. HP: 25/25 MP: 10/10
  5607 | Ossuary  | Reached skill level 5 in Dodging
  5613 | Ossuary  | HP: 1/25 [mummy (10)]
  5961 | D:5      | Found a glowing drain.
  5968 | Sewer    | Entered a sewer
  6678 | Sewer    | Gained mutation: Your mind is acute. (Int +2) [potion of
                  | mutation]
  6678 | Sewer    | Gained mutation: You have an increased reservoir of magic.
                  | (+10% MP) [potion of mutation]
  6776 | Sewer    | HP: 1/25 [adder (3)]
  6781 | Sewer    | HP: 1/25 [adder (4)]
  6786 | Sewer    | Reached skill level 9 in Stealth
  7049 | Sewer    | Learned a level 2 spell: Wereblood
  7164 | Sewer    | Slain by a river rat

Illustrated notes

Levels and vault maps discovered:
D:1:      dpeg_arrival_subterranean_lakeside_camping, layout_basic
D:2:      layout_loops_cross, tso_altar
D:3:      minmay_skewed_foursquare, layout_basic
D:4:      layout_basic, lemuel_doored_altar, led_xom_imps,
          minmay_temple_entry_sparse_star, gammafunk_ghost_nasty_kobolds,
          uniq_ijyb
D:5:      layout_cave_pools, serial_shops, nicolae_shop_trees,
          gup_sewer_entry_pipe, gup_ossuary_entry_pyramid, uniq_duvessa,
          uniq_eustachio, uniq_sigmund
D:6:      layout_basic, uniq_blork_the_orc
D:7:      layout_basic, nicolae_qazlal_eye_of_the_storm
Sewer:    sewer_minmay_w

Skill      XL: |  1  2  3  4  5  6 |
---------------+-------------------+-----
Stealth        | 2 4 5 6 8 9 |  9.1
Dodging        | 3 4 5 |  5.5
Fighting       | |  1.0
Unarmed Combat | |  3.9
Spellcasting   | |  2.0
Transmutations | |  2.1

Action                   |  1- 3 |  4- 6 || total
-------------------------+-------+-------++-------
Melee: Unarmed           |   116 |   341 ||   457
       Headbutt          |    13 |    38 ||    51
       Bite              |     9 |    28 ||    37
       Punch             |     1 |     1 ||     2
 Cast: Beastly Appendage |    35 |    58 ||    93
       Wereblood         |       |     1 ||     1
  Use: Potion            |       |     8 ||     8
       Scroll            |       |     5 ||     5
 Stab: Sleeping          |    13 |    20 ||    33
Armor: Skin              |     5 |    18 ||    23
Dodge: Dodged            |    83 |   336 ||   419

Table legend: (Time is in decaauts)
 A = Elapsed time spent in this place.
 B = Non-inter-level travel time spent in this place.
 C = Inter-level travel time spent in this place.
 D = Time resting spent in this place.
 E = Time spent auto-exploring this place.
 F = Levels seen in this place.
 G = Mean time per level.
                   A        B        C        D        E       F      G
               +--------+--------+--------+--------+--------+-----+--------+
         Total |   6622 |   6497 |    125 |    966 |   4361 |   9 |  735.8 |
       Dungeon |   4947 |   4822 |    125 |    246 |   3847 |   7 |  706.7 |
         Sewer |   1216 |   1216 |      0 |    716 |    206 |   1 | 1216.0 |
       Ossuary |    458 |    458 |      0 |      4 |    308 |   1 |  458.0 |
               +--------+--------+--------+--------+--------+-----+--------+

Top non-repeatable levels by time:
     D:1: 1965 daAuts
   Sewer: 1216 daAuts
     D:3: 1129 daAuts
     D:2: 1072 daAuts
 Ossuary: 458 daAuts
     D:6: 364 daAuts
     D:4: 313 daAuts
     D:5: 88 daAuts
     D:7: 12 daAuts
